 Dungeon Crawl Stone Soup version 0.25.0-11-g1f837a76a1 (webtiles) character file.

Game seed: 11284321559713498483

35170 Krehm the Fighter (level 13, -8/107 HPs)
             Began as a Vampire Enchanter on June 25, 2020.
             Was a High Priest of Kikubaaqudgha.
             Mangled by a red ugly thing (22 damage)
             ... on level 10 of the Dungeon.
             The game lasted 04:04:15 (25945 turns).

Krehm the Fighter (Vampire Enchanter)              Turns: 25945, Time: 04:04:17

Health: -8/107     AC: 12    Str: 10      XL:     13   Next: 46%
Magic:  24/27      EV: 16    Int: 21 (22) God:    Kikubaaqudgha [*****.]
Gold:   1237       SH:  5    Dex: 15      Spells: 3/32 levels left

rFire    . . .     SeeInvis +   y - +0 trident
rCold    . . .     Gourm    .   b - +0 buckler
rNeg     . . .     Faith    .   I - +0 troll leather armour
rPois    .         Spirit   .   Z - +2 hat {Int+3}
rElec    .         Reflect  .   s - +1 cloak
rCorr    .         Harm     .   X - +0 pair of gloves
MR       ++...                  p - +2 pair of boots {Stlth+}
Stlth    +++++.....             e - amulet of magic regeneration
HPRegen  0.87/turn              Y - ring of protection from magic
MPRegen  0.45/turn              H - +4 ring of evasion

@: slightly contaminated, regenerating quickly, studying Fighting, invisible
A: no food, antennae 1, fangs 3, hooves 1, see invisible, dopey 1, strong 1,
unbreathing
a: Exsanguinate, Receive Corpses, Torment, Renounce Religion


You were on level 10 of the Dungeon.
You worshipped Kikubaaqudgha.
Kikubaaqudgha was extremely pleased with you.
You were alive.

You visited 4 branches of the dungeon, and saw 17 of its levels.
You also visited: Ossuary, Bailey and Volcano.

You collected 1699 gold pieces.
You spent 462 gold pieces at shops.

Inventory:

Hand Weapons
 t - a +0 glaive of flaming
 y - a +0 trident (weapon)
 L - a +0 bardiche of pain
Missiles
 J - 17 javelins
 O - 4 throwing nets (quivered)
Armour
 b - a +0 buckler (worn)
 p - a +2 pair of boots of stealth (worn)
 s - a +1 cloak (worn)
 w - the +10 storm dragon scales of Pizyzy {rElec rF+}
   (You found it on level 7 of the Dungeon)

   It protects you from fire.
   It insulates you from electricity.
 I - a +0 troll leather armour (worn)
 U - a +0 kite shield
 W - the +3 leather armour of the Ant {*Contam rPois rC+ Dex+5, unknown}
   (You bought it in a shop on level 2 of the Orcish Mines)

   It affects your dexterity (+5).
   It protects you from cold.
   It protects you from poison.
   It causes magical contamination when unequipped.
 X - a +0 pair of gloves (worn)
 Z - a +2 hat of intelligence (worn)
Jewellery
 e - an amulet of magic regeneration (around neck)
 h - an uncursed ring of ice
 j - an uncursed ring of protection from fire
 x - an uncursed amulet of regeneration
 H - a +4 ring of evasion (right hand)
 S - an uncursed ring of wizardry
 T - a cursed amulet of inaccuracy {unknown}
 Y - a ring of protection from magic (left hand)
Wands
 A - a wand of enslavement (19)
 M - a wand of paralysis (13)
Scrolls
 a - a scroll of silence
 c - 3 scrolls of teleportation
 d - a scroll of torment {unknown}
 g - 7 scrolls of remove curse
 m - a scroll of magic mapping
 o - a scroll of amnesia {unknown}
 v - a scroll of immolation {unknown}
 B - 5 scrolls of fog
 C - 2 scrolls of enchant weapon
 G - 2 scrolls of fear
 N - 3 scrolls of enchant armour
 R - 2 scrolls of random uselessness {unknown}
Potions
 f - a potion of curing
 i - a potion of degeneration {unknown}
 k - a potion of ambrosia {unknown}
 l - a potion of magic {unknown}
 n - 2 potions of berserk rage
 q - 2 potions of haste
 r - 2 potions of flight
 u - a potion of experience {unknown}
 z - 2 potions of resistance {unknown}
 D - a potion of lignification {unknown}
 E - a potion of invisibility {unknown}
 F - 2 potions of stabbing {unknown}
 Q - 2 potions of might
 V - a potion of brilliance {unknown}
Books
 K - a manual of Fighting
Miscellaneous
 P - a tin of tremorstones (3/3)


   Skills:
 + Level 11.9 Fighting
   Level 1.1 Short Blades
 * Level 10.4 Polearms
 - Level 2.1 Dodging
 - Level 10.0 Stealth
 + Level 4.9 Shields
 + Level 10.3 Spellcasting
 - Level 10.0 Hexes
 - Level 9.3 Necromancy
 - Level 1.0 Ice Magic
 - Level 4.0 Evocations


You had 3 spell levels left.
You knew the following spells:

 Your Spells              Type           Power        Failure   Level  Hunger
a - Corona                Hex            ######.      1%          1    N/A
b - Ensorcelled Hibernat  Hex/Ice        ####..       1%          2    N/A
c - Confusing Touch       Hex            ######..     1%          3    N/A
d - Tukima's Dance        Hex            ######..     1%          3    N/A
e - Vampiric Draining     Necr           #####.....   1%          3    N/A
f - Animate Skeleton      Necr           N/A          1%          1    N/A
g - Sublimation of Blood  Necr           #####.....   1%          2    N/A
h - Animate Dead          Necr           N/A          1%          4    N/A
i - Dispel Undead         Necr           #####...     1%          4    N/A
j - Invisibility          Hex            ######..     22%         6    N/A

Your spell library contained the following spells:

 Spells                   Type           Power        Failure   Level  Hunger
 Pain                     Necr           ####         1%          1    N/A
 Dazzling Flash           Conj/Hex       ####..       3%          3    N/A
 Summon Guardian Golem    Hex/Summ       ####....     3%          3    N/A
 Apportation              Tloc           ##....       9%          1    N/A
 Summon Butterflies       Summ           ##......     9%          1    N/A
 Summon Small Mammal      Summ           ##..         9%          1    N/A
 Call Imp                 Summ           ##......     13%         2    N/A
 Call Canine Familiar     Summ           ##......     26%         3    N/A
 Lesser Beckoning         Tloc           ##........   26%         3    N/A
 Agony                    Necr           #####...     5%          5    N/A
 Excruciating Wounds      Chrm/Necr      ####......   34%         5    N/A
 Summon Ice Beast         Ice/Summ       ##......     56%         4    N/A
 Summon Lightning Spire   Summ/Air       ##......     65%         4    N/A
 Simulacrum               Ice/Necr       ####......   85%         6    N/A
 Alistair's Intoxication  Tmut/Pois      ##......     94%         5    N/A

Dungeon Overview and Level Annotations

Branches:
Dungeon (11/15)            Temple (1/1) D:6            Lair (3/6) D:8
 Shoals (0/4) Lair:3       Spider (0/4) Lair:3          Orc (2/2) D:9
    Elf (0/3) Orc:2       Ossuary (visited)          Bailey (visited)
Volcano (visited)

Altars:
Ashenzari
Dithmenos
Fedhas
Gozag
Hepliaklqana
Kikubaaqudgha
Makhleb
Nemelex Xobeh
Qazlal
Ru
Trog
Vehumet
Wu Jian
Yredelemnul
Zin
The Shining One
Beogh
Jiyva

Shops:
Orc:2 (*[:


Innate Abilities, Weirdness & Mutations

You do not eat.
Your natural rate of healing is unusually fast.
You have razor-sharp teeth.
You have supernaturally acute eyesight. (SInv)
You can survive without breathing.
You have a pair of small antennae on your head.
You have large cloven feet.
You are dopey. (Int -2)
Your muscles are strong. (Str +2)


Message History

You puncture the yak!
The yak is moderately wounded.
The yak gores you but does no damage.
You hit the yak but do no damage.
The yak is moderately wounded.
The orc warrior throws a boomerang.
The boomerang hits the red ugly thing!
The weapon returns to the orc warrior!
You puncture the yak!
The yak is heavily wounded.
The yak misses you. The red ugly thing punches you!
You are engulfed in flames!
* * * LOW HITPOINT WARNING * * *
The orc warrior throws a boomerang.
The boomerang hits the red ugly thing.
The weapon returns to the orc warrior!
You feel better. The yak gores you!
* * * LOW HITPOINT WARNING * * *
The red ugly thing punches you.
* * * LOW HITPOINT WARNING * * *
You are engulfed in flames!!
You die...
Kikubaaqudgha rasps: "You have failed me!
Welcome... death!"

#.##..####.###.#.#.#...#.#####
..##.Z...#.......#.#####.....#
####...#.####.##.......#†###.#
.......#......#.....Z..#.###.#
###....###..#.#..#.##......#.#
#......#......)#.##....#.#Z#
####.#.#.##.#.##Y#.##....#...#
............[..#Y#Z#.....#####
######.#.......#@#.#.#...#
.............[ou)#.#.....#
######.####...)###.#######
.......####........#.#
######..........####.#
#.#####....# #.# #.# #..#.#
#.# #Z# #).######.# #.#
#......##.#


You could see a red ugly thing, 2 yaks and an orc warrior.

Vanquished Creatures
  2 orc warlords (Orc:1)
  A stone giant (Volcano)
  Harold (D:9)
  A hydra (Lair:3)
  A two-headed ogre (Orc:2)
  Urug (Orc:2)
  2 orc high priests (Orc:1)
  3 orc knights
  5 orc sorcerers
  A cyclops (Orc:1)
  The ghost of Delamore the Basher, a novice GrFi of Okawaru (D:5)
  A black mamba (Lair:2)
  4 spiny frogs
  An efreet (Volcano)
  A queen bee (Lair:3)
  3 trolls
  A jumping spider (Lair:3)
  Prince Ribbit (D:5)
  4 hippogriffs
  Grinder (D:5)
  A spriggan (D:9)
  A shadow (D:8)
  4 dancing weapons
  2 vampires
  A wyvern (D:10)
  2 fire elementals (Volcano)
  A basilisk (Lair:2)
  7 fire bats (Volcano)
  A hungry ghost (D:7)
  13 yaks
  5 wargs
  5 water moccasins
  3 porcupines
  2 ice beasts
  40 orc warriors
  A black bear (Lair:1)
  6 ogres
  2 phantoms
  5 wolves (Lair:2)
  9 centaurs
  5 crocodiles
  Blork the orc (Orc:2)
  5 bullfrogs
  A gnoll sergeant (Orc:2)
  An earth elemental (Volcano)
  17 scorpions
  23 killer bees
  2 howler monkeys (D:8)
  3 crimson imps
  6 hounds
  2 centaur zombies (Ossuary)
  5 lava snakes (Volcano)
  2 human zombies (Ossuary)
  A quasit (D:9)
  2 centaur skeletons
  A gnoll shaman (D:5)
  9 orc priests
  11 orc wizards
  2 iguanas
  9 hell rats (Lair:3)
  9 worker ants
  2 hound zombies
  A hound skeleton (D:6)
  3 mummies (Ossuary)
  A worker ant zombie (D:5)
  12 adders
  12 gnolls
  5 scorpion zombies (Ossuary)
  12 river rats (Lair:3)
  A shadow imp (D:7)
  An adder zombie (D:5)
  A dart slug (D:1)
  8 leopard geckos
  46 orcs
  2 ball pythons
  4 bats
  5 giant cockroaches
  4 goblins
  9 hobgoblins
  13 jackals
  9 quokkas
  A frilled lizard (D:1)
  A goblin zombie (Ossuary)
  2 jackal skeletons
  A kobold (D:1)
  A kobold zombie (Ossuary)
  2 orc zombies (Ossuary)
  2 quokka skeletons
  A quokka zombie (D:6)
  20 rats
  A rat zombie (D:6)
447 creatures vanquished.

Vanquished Creatures (collateral kills)
  Saint Roka (Orc:1)
  Gastronok (Orc:1)
  Fannar (D:10)
  A hydra (Lair:3)
  An orc sorcerer (Orc:1)
  A spiny frog (Lair:2)
  A water moccasin (Lair:3)
  An eye of draining (D:9)
  An ogre (Orc:2)
  17 orc warriors
  2 centaurs (Bailey)
  A bullfrog (Lair:2)
  2 killer bees (Lair:3)
  A howler monkey (D:8)
  A lava snake (Volcano)
  7 orc priests
  6 orc wizards
  2 hell rats (Lair:3)
  2 river rats (Lair:3)
  A shadow imp (D:8)
  30 orcs
  3 quokkas (Lair:3)
  2 rats (Lair:3)
86 creatures vanquished.

Vanquished Creatures (others)
  27 dancing weapons
  A lava snake (Volcano)
  An orc wizard (Orc:2)
  A scorpion zombie (Ossuary)
  A jackal (Temple)
  A fungus (Lair:3)
32 creatures vanquished.

Grand Total: 565 creatures vanquished

Notes
Turn   | Place    | Note
-------+----------+-------------------------------------------
     0 | D:1      | Krehm the Vampire Enchanter began the quest for the Orb.
     0 | D:1      | Reached XP level 1. HP: 13/13 MP: 3/3
   207 | D:1      | Reached XP level 2. HP: 19/19 MP: 5/5
   211 | D:1      | Learned a level 2 spell: Ensorcelled Hibernation
   746 | D:2      | Reached skill level 5 in Stealth
   921 | D:2      | Reached skill level 5 in Hexes
   942 | D:2      | Reached XP level 3. HP: 24/24 MP: 2/6
  1509 | D:3      | Reached skill level 1 in Ice Magic
  1509 | D:3      | Reached XP level 4. HP: 26/30 MP: 3/8
  2076 | D:3      | Learned a level 3 spell: Confusing Touch
  2080 | D:3      | Learned a level 3 spell: Tukima's Dance
  2157 | D:4      | Reached XP level 5. HP: 15/35 MP: 3/9
  2158 | D:4      | Noticed a phantom
  2522 | D:4      | Found a sacrificial altar of Ru.
  2578 | D:4      | Reached skill level 1 in Fighting
  2716 | D:4      | Reached XP level 6. HP: 43/43 MP: 9/11
  2776 | D:4      | Reached skill level 2 in Fighting
  2817 | D:4      | Noticed a water elemental
  2818 | D:4      | Found a stormy altar of Qazlal.
  2856 | D:4      | Noticed a fire elemental
  2856 | D:4      | Noticed an air elemental
  3058 | D:4      | Found a shattered altar of Ashenzari.
  3071 | D:4      | Found a bloodstained altar of Trog.
  3163 | D:5      | Entered Level 5 of the Dungeon
  3268 | D:5      | Found a glowing silver altar of Zin.
  3270 | D:5      | Found a sparkling altar of Nemelex Xobeh.
  3273 | D:5      | Found a radiant altar of Vehumet.
  3286 | D:5      | Reached XP level 7. HP: 51/51 MP: 11/13
  3305 | D:5      | Found a stormy altar of Qazlal.
  3307 | D:5      | Found an opulent altar of Gozag.
  3358 | D:5      | Noticed Grinder
  3381 | D:5      | Found a runed translucent gate.
  3382 | D:5      | Found a runed translucent gate.
  3385 | D:5      | Found a runed translucent gate.
  3385 | D:5      | Noticed Delamore's ghost (novice GrFi)
  3432 | D:5      | Reached skill level 1 in Evocations
  3467 | D:5      | Noticed Prince Ribbit
  3474 | D:5      | Killed Prince Ribbit
  3474 | D:5      | Reached skill level 3 in Fighting
  3889 | D:6      | Found a sand-covered staircase.
  3897 | Ossuary  | Entered an ossuary
  3914 | Ossuary  | Reached skill level 5 in Spellcasting
  4026 | Ossuary  | Reached XP level 8. HP: 60/60 MP: 10/15
  4064 | Ossuary  | Reached skill level 4 in Fighting
  4550 | D:6      | Found a staircase to the Ecumenical Temple.
  4557 | Temple   | Entered the Ecumenical Temple
  4665 | Temple   | Became a worshipper of Kikubaaqudgha
  5477 | D:6      | Reached skill level 5 in Fighting
  5505 | D:6      | Reached skill level 1 in Necromancy
  5509 | D:6      | Reached XP level 9. HP: 68/68 MP: 15/18
  5674 | D:7      | Found a blossoming altar of Fedhas.
  5687 | D:7      | Reached * piety under Kikubaaqudgha
  5687 | D:7      | Identified Kikubaaqudgha's Incunabulum of Evil
                  | (Kikubaaqudgha gifted it to you on level 7 of the Dungeon)
  5687 | D:7      | Received a gift from Kikubaaqudgha
  5695 | D:7      | Learned a level 3 spell: Vampiric Draining
  5697 | D:7      | Learned a level 1 spell: Animate Skeleton
  5764 | D:7      | Found a hazy altar of Hepliaklqana.
  5805 | D:7      | Found a flagged portal.
  5881 | Bailey   | Entered a bailey
  5905 | Bailey   | Reached skill level 1 in Shields
  6875 | Bailey   | Reached ** piety under Kikubaaqudgha
  6891 | Bailey   | Reached skill level 6 in Fighting
  7338 | D:7      | Got blackened storm dragon scales
  7741 | D:8      | Reached skill level 1 in Polearms
  7764 | D:8      | Found an ornate altar of the Wu Jian Council.
  7840 | D:8      | Reached XP level 10. HP: 61/76 MP: 8/20
  7844 | D:8      | Learned a level 2 spell: Sublimation of Blood
  8190 | D:8      | Reached skill level 5 in Necromancy
  8201 | D:8      | Found a staircase to the Lair.
  8404 | D:8      | Reached *** piety under Kikubaaqudgha
  8404 | D:8      | Identified Kikubaaqudgha's Catalogue of Necromancy
                  | (Kikubaaqudgha gifted it to you on level 8 of the Dungeon)
  8404 | D:8      | Received a gift from Kikubaaqudgha
  8420 | D:8      | Learned a level 4 spell: Animate Dead
  8425 | D:8      | Learned a level 4 spell: Dispel Undead
  8936 | D:9      | Reached skill level 7 in Fighting
  9028 | D:9      | Noticed Harold
  9048 | D:9      | Killed Harold
  9048 | D:9      | Reached skill level 10 in Stealth
  9049 | D:9      | Found a staircase to the Orcish Mines.
  9435 | D:9      | Identified the +10 storm dragon scales of Pizyzy {rElec
                  | rF+} (You found it on level 7 of the Dungeon)
  9957 | D:10     | Entered Level 10 of the Dungeon
  9981 | D:10     | Reached skill level 8 in Fighting
 10239 | D:10     | Reached skill level 5 in Polearms
 10239 | D:10     | Reached XP level 11. HP: 84/86 MP: 23/23
 10544 | D:10     | Found an opulent altar of Gozag.
 10846 | D:11     | Noticed Fannar
 10879 | D:11     | Noticed a white ugly thing
 10927 | D:11     | Noticed a red ugly thing
 11142 | D:11     | Noticed an orc knight
 11481 | D:5      | Killed Grinder
 11684 | D:5      | Killed Delamore's ghost
 11826 | Lair:1   | Entered Level 1 of the Lair of Beasts
 13179 | Lair:2   | Reached **** piety under Kikubaaqudgha
 13210 | Lair:2   | Reached skill level 9 in Fighting
 14177 | Lair:3   | Found a hole to the Spider Nest.
 14513 | Lair:3   | Noticed a wolf spider
 14688 | Lair:3   | Noticed a four-headed hydra
 14727 | Lair:3   | Killed a four-headed hydra
 15203 | Lair:3   | Noticed an eight-headed hydra
 15204 | Lair:3   | Noticed a seven-headed hydra
 15534 | Lair:3   | Found a staircase to the Shoals.
 16125 | Lair:3   | Reached ***** piety under Kikubaaqudgha
 16479 | Lair:3   | Killed an eight-headed hydra
 17120 | Lair:3   | Reached XP level 12. HP: 97/97 MP: 25/25
 17132 | Lair:3   | Noticed a four-headed hydra
 17437 | Lair:2   | Learned a level 6 spell: Invisibility
 17544 | Orc:1    | Entered Level 1 of the Orcish Mines
 17589 | Orc:1    | Reached skill level 10 in Fighting
 17650 | Orc:1    | Found a dark tunnel.
 17733 | Volcano  | Entered a volcano
 18337 | Volcano  | HP: 2/97 [earth elemental (17)]
 18607 | Volcano  | Noticed a stone giant
 18751 | Volcano  | Killed a stone giant
 18945 | Volcano  | Found a radiant altar of Vehumet.
 19039 | Orc:1    | Noticed Gastronok
 19101 | Orc:1    | Killed Gastronok
 19152 | Orc:1    | Noticed an orc high priest
 19490 | D:10     | Killed Fannar
 19959 | Orc:1    | Killed an orc high priest
 20424 | Orc:2    | Entered Level 2 of the Orcish Mines
 20483 | Orc:2    | Noticed an orc warlord
 21504 | Orc:2    | Noticed a two-headed ogre
 21546 | Orc:1    | Killed an orc warlord
 21546 | Orc:1    | Reached skill level 11 in Fighting
 21700 | Orc:2    | Killed a two-headed ogre
 21777 | Orc:2    | Noticed an orc warlord
 21825 | Orc:1    | Killed an orc warlord
 22435 | Orc:2    | Found a staircase to the Elven Halls.
 22454 | Orc:2    | Noticed Saint Roka
 22695 | Orc:2    | Noticed an orc high priest
 22768 | Orc:1    | Killed an orc high priest
 22768 | Orc:1    | Reached XP level 13. HP: 106/106 MP: 26/26
 23183 | Orc:2    | Noticed Urug
 23230 | Orc:2    | Killed Urug
 23688 | Orc:2    | Noticed Blork the orc
 23890 | Orc:1    | Reached skill level 10 in Spellcasting
 23937 | Orc:2    | Killed Blork the orc
 24202 | Orc:1    | Killed Saint Roka
 24202 | Orc:1    | Reached skill level 10 in Polearms
 24433 | Orc:1    | Reached skill level 10 in Hexes
 24723 | Orc:2    | Found a roughly hewn altar of Beogh.
 24764 | Orc:2    | Found Oqehece's Book Emporium.
 24775 | Orc:2    | Found Tuewaovaask's Antique Armour Emporium.
 24789 | Orc:2    | Found Pivar's Antique Weapon Emporium.
 24795 | Orc:2    | Found Raefily's General Store.
 24888 | Orc:2    | Bought a scroll of enchant armour for 112 gold pieces
 24888 | Orc:2    | Bought a scroll of silence for 112 gold pieces
 24908 | Orc:2    | Bought a brightly glowing leather armour for 238 gold
                  | pieces
 24912 | Orc:2    | Gained mutation: You are dopey. (Int -2) [potion of
                  | mutation]
 24912 | Orc:2    | Gained mutation: You have a pair of small antennae on your
                  | head. [potion of mutation]
 24912 | Orc:2    | Gained mutation: Your muscles are strong. (Str +2) [potion
                  | of mutation]
 24912 | Orc:2    | Gained mutation: You have large cloven feet. [potion of
                  | mutation]
 25945 | D:10     | Mangled by a red ugly thing

Illustrated notes

Levels and vault maps discovered:
D:1:      enne_arrival_octagon_isle, layout_basic, minmay_domino_4
D:2:      layout_loops_ring, minmay_goblin_kobold_house
D:3:      layout_rooms
D:4:      layout_basic, kennysheep_mini, lemuel_doored_altar,
          kennysheep_mini_moat, first_ration, nicolae_qazlal_style_of_elements
D:5:      layout_cave_pools, nicolae_overflow_hidden_temple,
          gammafunk_ghost_necromancy, uniq_grinder, uniq_prince_ribbit1
D:6:      layout_basic, minmay_temple_entry_nine_rooms, enter_ossuary_4
D:7:      layout_loops_ring, overflow_temple_1_default, lemuel_crystal_altar,
          enter_bailey_8, grunt_ministairs_15
D:8:      layout_basic, nicolae_overflow_crystal_walls,
          erik_lair_orcish_takeover
D:9:      minmay_ornate_pinched, layout_irregular_city, orc_0_dummy, the_bakery,
          uniq_harold
D:10:     layout_basic, nicolae_gozag_seed_capital
D:11:     layout_cave_pools, special_room [special_room_orc], uniq_fannar
Temple:   pf_slime_end_temple
Lair:1:   layout_small_grid
Lair:2:   layout_cave_shapes, st_stairs_5, chequers_serial_rivers_room_b,
          grunt_megastairs_1
Lair:3:   lemuel_ratsnest, layout_cave_pods, elwin_shoals_entry_rocks,
          spider_nest_entry_funnel_web, special_room [special_room_bee],
          guppyfry_lair_drakes, uniq_sonja
Orc:1:    layout_caves, serial_shops, nicolae_volcano_entry_two_sided,
          uniq_gastronok
Orc:2:    grunt_orc_cross, layout_caves, sword_in_stone, uniq_saint_roka,
          uniq_urug

Skill      XL: |  1  2  3  4  5  6  7  8  9 10 11 12 13 |
---------------+----------------------------------------+-----
Stealth        | 5 6 7 9 10 | 10.0
Hexes          | 5 6 7 9 10 | 10.0
Ice Magic      | 1 |  1.0
Spellcasting   | 3 4 5 6 7 8 9 10 | 10.3
Fighting       | 1 2 3 5 6 8 9 11 | 11.9
Evocations     | 2 4 |  4.0
Necromancy     | 1 4 6 8 9 |  9.3
Shields        | 3 4 |  4.9
Polearms       | 1 5 7 9 10 | 10.4
Short Blades   | |  1.1
Dodging        | |  2.1

Action                   |  1- 3 |  4- 6 |  7- 9 | 10-12 | 13-15 || total
-------------------------+-------+-------+-------+-------+-------++-------
Melee: Dagger            |   104 |   137 |   665 |  1462 |       ||  2368
       Bite              |     2 |     8 |    83 |   158 |    82 ||   333
       Trident           |       |       |       |    14 |   669 ||   683
Throw: Javelin           |       |       |       |     7 |       ||     7
       Throwing net      |       |       |       |     1 |       ||     1
 Cast: Corona            |    12 |    10 |    13 |    63 |    18 ||   116
       Ensorcelled Hiber |     7 |    28 |    39 |    14 |       ||    88
       Tukima's Dance    |       |     1 |    47 |    60 |    31 ||   139
       Confusing Touch   |       |     4 |    56 |   213 |    61 ||   334
       Vampiric Draining |       |       |     6 |    50 |    33 ||    89
       Animate Skeleton  |       |       |       |    30 |       ||    30
       Animate Dead      |       |       |       |    25 |     5 ||    30
       Invisibility      |       |       |       |       |     3 ||     3
Invok: Receive Corpses   |       |       |       |    10 |     2 ||    12
Evoke: Wand              |       |       |       |    10 |       ||    10
  Use: Scroll            |     1 |       |     8 |     9 |       ||    18
       Potion            |       |       |       |    19 |     2 ||    21
 Stab: Sleeping          |    10 |    21 |    31 |    24 |       ||    86
       Confused          |       |     3 |    43 |   168 |   111 ||   325
       Distracted        |       |       |     1 |       |       ||     1
       Held in net/web   |       |       |       |     2 |       ||     2
       Invisible         |       |       |       |       |    18 ||    18
Armor: Robe              |    21 |    45 |   143 |       |       ||   209
       Leather armour    |       |       |    48 |   405 |    16 ||   469
       Troll leather arm |       |       |       |       |    61 ||    61
Dodge: Dodged            |    73 |    64 |   418 |   875 |   283 ||  1713
Block: Buckler           |       |       |     7 |   301 |    85 ||   393
